[Event "Titled Tuesday Blitz October 31 Late 2023"]
[White "VitaliyChayka"]
[Black "Sari, Yasin"]
[BlackFideId "6320902"]
[WhiteElo "2150"]
[BlackElo "2296"]
[Result "0-1"]
[Round "10"]
[TimeControl "180+1"]
[Date "2023.10.31"]
[WhiteClock "0:00:00"]
[BlackClock "0:00:02"]
[Board "105"]

1. d4 Nf6 2. Bf4 c5 3. e3 g6 4. c3 Bg7 5. h3 O-O 6. Nf3 b6 7. Nbd2 Bb7 8. Bd3 d6 9. Qe2 Nbd7 10. Bh2 a6 11. a4 Qc7 12. O-O e5 13. dxe5 dxe5 14. e4 Rfe8 15. Rfe1 h6 16. Nf1 Nh5 17. N3d2 Nf4 18. Bxf4 exf4 19. Qd1 Rad8 20. Qc2 Ne5 21. Be2 Qc8 22. Nh2 Bc6 23. Nhf3 b5 24. Nxe5 Bxe5 25. axb5 axb5 26. Ra5 Qb7 27. Bf3 Bc7 28. Ra2 Kg7 29. Nb3 Bb6 30. Na5 Bxa5 31. Rxa5 Re7 32. b4 c4 33. Ra2 Rde8 34. Qb1 Bxe4 35. Bxe4 Rxe4 36. Rxe4 Qxe4 37. Qxe4 Rxe4 38. Ra5 Re1+ 39. Kh2 Rc1 40. Rxb5 Rxc3 41. Rc5 Rc2 42. Kg1 Rc1+ 43. Kh2 g5 44. g3 f3 45. g4 c3 46. Kg3 c2 47. Kxf3 Rh1 48. Rxc2 Rxh3+ 49. Kg2 Rb3 50. Rc4 Kg6 51. f3 f5 52. gxf5+ Kxf5 53. Kg3 h5 54. Rc5+ Kg6 55. b5 g4 56. Rc6+ Kg5 57. Rc5+ Kg6 58. Rc6+ Kf7 59. Rc5 Rxf3+ 60. Kh4 Rh3+ 61. Kg5 g3 62. Rc1 h4 63. Kg4 Rh2 64. Rg1 Rb2 0-1


[Site "https://www.chess.com"]

[Event "Titled Tuesday Blitz October 31 Late 2023"]
[White "Acikel, Mert"]
[Black "ChessDojo"]
[WhiteFideId "12956465"]
[WhiteElo "2294"]
[BlackElo "2129"]
[Result "1-0"]
[Round "10"]
[TimeControl "180+1"]
[Date "2023.10.31"]
[WhiteClock "0:02:25"]
[BlackClock "0:02:33"]
[Board "106"]

1. e4 Nc6 2. Nf3 e5 3. Bc4 Nf6 4. d3 Bc5 5. O-O h6 6. c3 d6 7. Nbd2 Bb6 8. Re1 Bg4 9. Nf1 O-O 10. h3 Bxf3 11. Qxf3 Ne7 12. Bxh6 Ng6 13. Bg5 c6 14. Ng3 d5 15. Bb3 a5 16. Nh5 Kh8 17. Nxf6 gxf6 18. Bxf6+ 1-0


[Site "https://www.chess.com"]

[Event "Titled Tuesday Blitz October 31 Late 2023"]
[White "Petersson, Kjell"]
[Black "LuxLinster"]
[WhiteFideId "1705148"]
[WhiteElo "2145"]
[BlackElo "2260"]
[Result "0-1"]
[Round "10"]
[TimeControl "180+1"]
[Date "2023.10.31"]
[WhiteClock "0:00:17"]
[BlackClock "0:00:25"]
[Board "107"]

1. d4 Nf6 2. Bf4 b6 3. e3 Bb7 4. Nf3 g6 5. Bd3 Bg7 6. Nbd2 d6 7. c3 O-O 8. h4 Nbd7 9. Qc2 Re8 10. h5 e5 11. Bg5 e4 12. hxg6 hxg6 13. Nxe4 Bxe4 14. Bxe4 Rxe4 15. Qxe4 Nxe4 16. Bxd8 Rxd8 17. Ke2 Ndf6 18. a4 Ng4 19. Raf1 Re8 20. Nd2 Ngxf2 21. Rxf2 Ng3+ 22. Kf3 Nxh1 23. Rf1 Bh6 24. Re1 f5 25. g3 Kg7 26. Nf1 Kf6 27. Kg2 Nxg3 28. Kxg3 f4+ 29. Kf3 fxe3 30. Nxe3 Rxe3+ 31. Rxe3 Bxe3 32. Kxe3 Kf5 33. Kf3 g5 34. b4 g4+ 35. Kg3 Ke4 36. Kxg4 Kd3 37. Kf5 Kxc3 38. Ke4 Kxb4 39. Kd5 Kxa4 40. Kc6 b5 41. Kxc7 b4 42. Kxd6 b3 43. Kc5 b2 44. d5 b1=Q 45. d6 Kb3 46. Kc6 a5 47. d7 Qc2+ 48. Kb7 Qd3 49. Kc8 Qc4+ 50. Kb7 Qd5+ 51. Kc8 Qc6+ 52. Kd8 a4 53. Ke7 Qxd7+ 54. Kxd7 a3 0-1


[Site "https://www.chess.com"]

[Event "Titled Tuesday Blitz October 31 Late 2023"]
[White "Jelcic, Marko"]
[Black "Romero Ruscalleda, Josep"]
[WhiteFideId "14406489"]
[BlackFideId "2231859"]
[WhiteElo "2135"]
[BlackElo "2288"]
[Result "0-1"]
[Round "10"]
[TimeControl "180+1"]
[Date "2023.10.31"]
[WhiteClock "0:00:00"]
[BlackClock "0:00:10"]
[Board "108"]

1. d4 g6 2. c4 Bg7 3. Nc3 d6 4. e4 Nc6 5. Nf3 Bg4 6. Be3 e5 7. d5 Nce7 8. Be2 Bd7 9. O-O f5 10. Ng5 Nf6 11. Ne6 Bxe6 12. dxe6 O-O 13. exf5 gxf5 14. Nd5 f4 15. Bd2 c6 16. Nxf6+ Rxf6 17. Qb3 Rxe6 18. Qxb7 Rb8 19. Qxa7 Rxb2 20. Ba5 Qf8 21. Bg4 Rg6 22. Bf3 d5 23. cxd5 cxd5 24. Rfb1 e4 25. Rxb2 Bxb2 26. Rb1 Be5 27. Rb7 Bd6 28. Bd1 h6 29. Rd7 Qg7 30. g3 fxg3 31. fxg3 Bxg3 32. hxg3 Rxg3+ 33. Kf1 Rd3 34. Bb3 Qf6+ 35. Ke1 Qa1+ 36. Ke2 Qb2+ 37. Kf1 Qc1+ 38. Be1 Qf4+ 39. Bf2 e3 40. Qa8+ Kf7 41. Bxd5+ Kg6 42. Qa6+ Kh5 43. Bf7+ Qxf7 44. Qb5+ Kg4 45. Qc4+ Qxc4 0-1


[Site "https://www.chess.com"]

[Event "Titled Tuesday Blitz October 31 Late 2023"]
[White "Perry, Patrick"]
[Black "Oliveira, Tiago Batista"]
[WhiteFideId "30917727"]
[BlackFideId "2108291"]
[WhiteElo "2190"]
[BlackElo "2046"]
[Result "0-1"]
[Round "10"]
[TimeControl "180+1"]
[Date "2023.10.31"]
[WhiteClock "0:02:24"]
[BlackClock "0:00:22"]
[Board "109"]

1. e4 e5 2. d4 exd4 3. Qxd4 Nc6 4. Qe3 Nf6 5. Nc3 Bb4 6. Bd2 d6 7. O-O-O O-O 8. Qg3 Re8 9. f3 Be6 10. a3 Ba5 11. Nge2 b5 12. Nf4 b4 13. axb4 Nxb4 14. Ncd5 Bxd5 15. exd5 Qd7 16. Bc4 Qa4 17. Bxb4 Qa1+ 18. Kd2 Bxb4+ 19. Kd3 Qxb2 20. Ne2 Rxe2 21. Kxe2 Qxc2+ 22. Ke3 Re8+ 23. Kd4 Qc3# 0-1


[Site "https://www.chess.com"]

[Event "Titled Tuesday Blitz October 31 Late 2023"]
[White "Burke, Paul"]
[Black "Mariia89"]
[WhiteFideId "2605767"]
[WhiteElo "1890"]
[BlackElo "2177"]
[Result "0-1"]
[Round "10"]
[TimeControl "180+1"]
[Date "2023.10.31"]
[WhiteClock "0:00:19"]
[BlackClock "0:00:10"]
[Board "110"]

1. e4 c6 2. d4 d5 3. exd5 cxd5 4. c4 Nf6 5. Nc3 e6 6. Nf3 Be7 7. Be2 O-O 8. O-O dxc4 9. Bxc4 a6 10. d5 exd5 11. Nxd5 Nxd5 12. Qxd5 Nc6 13. Bf4 Bf6 14. Qxd8 Rxd8 15. Bg5 Bxb2 16. Bxd8 Bxa1 17. Rxa1 Nxd8 18. Rd1 Ne6 19. Ne5 g6 20. Nd7 Bxd7 21. Rxd7 b5 22. Bd5 Rc8 23. g3 a5 24. Ra7 a4 25. Rb7 Rc5 26. Bxe6 fxe6 27. Re7 Rc2 28. Rxe6 Rxa2 29. Rb6 Rb2 30. Kg2 a3 31. Kf3 a2 32. Ra6 b4 33. Ra4 b3 34. h4 Rb1 0-1


[Site "https://www.chess.com"]

[Event "Titled Tuesday Blitz October 31 Late 2023"]
[White "Sokolov, Andrei"]
[Black "Desideri, Ricardo Maruchi"]
[WhiteFideId "11600306"]
[BlackFideId "2110440"]
[WhiteElo "2218"]
[BlackElo "1959"]
[Result "0-1"]
[Round "10"]
[TimeControl "180+1"]
[Date "2023.10.31"]
[WhiteClock "0:00:08"]
[BlackClock "0:00:34"]
[Board "111"]

1. d4 Nf6 2. c4 c5 3. d5 e6 4. Nc3 exd5 5. cxd5 d6 6. e4 g6 7. f4 Bg7 8. Bb5+ Nfd7 9. a4 a6 10. Be2 O-O 11. Nf3 Nf6 12. O-O Re8 13. Bd3 Nbd7 14. a5 Rb8 15. Qc2 b5 16. axb6 Rxb6 17. Kh1 Rb4 18. Re1 c4 19. Bf1 Nc5 20. e5 dxe5 21. fxe5 Ng4 22. Bf4 Nd3 23. Bxd3 cxd3 24. Qd2 Qb6 25. Be3 Nxe3 26. Rxe3 Rxb2 27. Qxd3 Bf5 28. Qd4 Qb3 29. Ne2 Rb1+ 30. Neg1 Rxa1 31. Qxa1 Qxe3 32. Qxa6 Bxe5 33. Nxe5 Qxe5 34. Qa8 Rxa8 0-1


[Site "https://www.chess.com"]

[Event "Titled Tuesday Blitz October 31 Late 2023"]
[White "Gyulamiryan-koryun"]
[Black "leonidsh29"]
[WhiteElo "1900"]
[BlackElo "2016"]
[Result "0-1"]
[Round "10"]
[TimeControl "180+1"]
[Date "2023.10.31"]
[WhiteClock "0:00:00"]
[BlackClock "0:00:26"]
[Board "112"]

1. e4 c5 2. Nf3 a6 3. d4 cxd4 4. Nxd4 e5 5. Nf5 d5 6. Nc3 dxe4 7. Qxd8+ Kxd8 8. Ng3 f5 9. Bg5+ Nf6 10. O-O-O+ Kc7 11. Bxf6 gxf6 12. Nd5+ Kc6 13. Nxf6 Be6 14. c4 Bh6+ 15. Kc2 Nd7 16. Nxd7 Bxd7 17. b4 Be6 18. a4 Rhd8 19. Be2 Kc7 20. c5 Rd4 21. Kc3 Rad8 22. b5 axb5 23. axb5 Bd2+ 24. Kc2 Bb4 25. Rxd4 exd4 26. b6+ Kc6 27. Bh5 d3+ 28. Kb2 Ra8 29. Rg1 Bxc5 30. Bd1 Ra2+ 31. Kb1 Bxf2 32. Rf1 e3 33. Bf3+ Kxb6 0-1


[Site "https://www.chess.com"]

[Event "Titled Tuesday Blitz October 31 Late 2023"]
[White "Ghosh, Chanchal Kumer"]
[Black "Vargas, Mauricio"]
[WhiteFideId "10201858"]
[BlackFideId "4404572"]
[WhiteElo "1963"]
[BlackElo "1846"]
[Result "0-1"]
[Round "10"]
[TimeControl "180+1"]
[Date "2023.10.31"]
[WhiteClock "0:00:00"]
[BlackClock "0:00:20"]
[Board "113"]

1. e4 d6 2. Nf3 Nf6 3. Nc3 g6 4. d4 Bg7 5. Be2 O-O 6. O-O c6 7. Bg5 h6 8. Be3 Kh7 9. Qd2 b6 10. h3 Nbd7 11. e5 Nd5 12. Nxd5 cxd5 13. exd6 exd6 14. Bf4 Nf6 15. Bd3 Ne4 16. Qc1 Qf6 17. c4 Bb7 18. Re1 Rfe8 19. Be3 Rac8 20. b3 dxc4 21. bxc4 d5 22. c5 bxc5 23. Rb1 cxd4 24. Bxd4 Rxc1 25. Rexc1 Qe7 26. Bxg7 Kxg7 27. Rb2 Rc8 28. Rcb1 Ba8 29. Rb5 Nc3 0-1


[Site "https://www.chess.com"]

[Event "Titled Tuesday Blitz October 31 Late 2023"]
[White "Nihal Sarin"]
[Black "Pranav, V"]
[WhiteFideId "25092340"]
[BlackFideId "25060783"]
[WhiteElo "3142"]
[BlackElo "3064"]
[Result "0-1"]
[Round "11"]
[TimeControl "180+1"]
[Date "2023.10.31"]
[WhiteClock "0:00:01"]
[BlackClock "0:00:08"]
[Board "1"]

1. d4 Nf6 2. Nf3 e6 3. c4 b6 4. a3 Ba6 5. Nc3 Bxc4 6. e4 Bxf1 7. Kxf1 d5 8. exd5 Nxd5 9. Bg5 f6 10. Qe2 Qd7 11. Re1 Kf7 12. Ne4 Nc6 13. Rc1 Bd6 14. Bd2 Rhd8 15. h4 Kg8 16. h5 Nf4 17. Qc4 Na5 18. Bxa5 bxa5 19. h6 Rab8 20. hxg7 Qxg7 21. g3 Nd5 22. Qe2 Re8 23. Rh5 Kh8 24. Nh4 f5 25. Ng5 Nf6 26. Kg2 Kg8 27. Rh1 h6 28. Nxf5 exf5 29. Qc4+ Kf8 30. Ne6+ Rxe6 31. Qxe6 Rxb2 32. Qc8+ Kf7 33. R5h3 Qg4 34. Re1 Ne4 35. Qd7+ Be7 36. Qd5+ Kf8 37. Qa8+ Kg7 38. Rf1 Ng5 39. Rh4 Qe2 40. Qe8 Qe6 41. Rf4 Qd5+ 42. Kh2 Bf6 43. Qh5 Rd2 44. Kg1 Rxd4 45. Rxd4 Bxd4 46. Kh2 Nf3+ 47. Kh3 Ng5+ 48. Kh2 Qe4 49. Rd1 c5 50. Kg1 Qc2 51. Rf1 Qd3 52. Qd1 Qxg3+ 53. Kh1 Qh3+ 54. Kg1 Nf3+ 0-1


[Site "https://www.chess.com"]

[Event "Titled Tuesday Blitz October 31 Late 2023"]
[White "Le, Quang Liem"]
[Black "Andreikin, Dmitry"]
[WhiteFideId "12401137"]
[BlackFideId "4158814"]
[WhiteElo "3046"]
[BlackElo "3118"]
[Result "1/2-1/2"]
[Round "11"]
[TimeControl "180+1"]
[Date "2023.10.31"]
[WhiteClock "0:00:38"]
[BlackClock "0:00:08"]
[Board "2"]

1. Nf3 Nf6 2. c4 d6 3. d4 Bf5 4. g3 g6 5. Bg2 Bg7 6. O-O O-O 7. Nc3 c6 8. Re1 Ne4 9. Qb3 Nxc3 10. bxc3 Bc8 11. Ba3 Nd7 12. e4 Nb6 13. Rad1 Be6 14. d5 cxd5 15. exd5 Bg4 16. c5 dxc5 17. Bxc5 Re8 18. Re4 Bf5 19. Rb4 Rc8 20. Bxb6 axb6 21. Nd4 Bxd4 22. Rdxd4 Rc5 23. c4 Qa8 24. Rxb6 Qa5 25. Qb4 Qxa2 26. Bf1 Qa1 27. Qb2 Ra8 28. g4 Bc8 29. Kg2 Qxb2 30. Rxb2 Kf8 31. h3 Ra6 32. Rf4 Rd6 33. Rf3 Kg7 34. Re3 e6 35. dxe6 Bxe6 36. Rxb7 Bxc4 37. Bxc4 Rxc4 38. Rf3 Rf6 39. Rxf6 Kxf6 40. Ra7 Kg7 41. Rb7 Rc5 42. Kg3 h5 43. Rb3 Kh6 44. f3 Kg7 45. h4 Ra5 46. g5 Ra4 47. Rc3 Rb4 48. Rd3 Ra4 49. Re3 Rb4 50. Re4 Rb3 51. Kf4 Ra3 52. Rd4 Rb3 53. Rc4 Ra3 54. Re4 Rb3 55. Ra4 Rc3 56. Re4 Rb3 57. Kg3 Ra3 58. Kf4 Rb3 1/2-1/2


[Site "https://www.chess.com"]

[Event "Titled Tuesday Blitz October 31 Late 2023"]
[White "Gokerkan, Cem Kaan"]
[Black "Yoo, Christopher Woojin"]
[WhiteFideId "6336760"]
[BlackFideId "30909694"]
[WhiteElo "2887"]
[BlackElo "3020"]
[Result "0-1"]
[Round "11"]
[TimeControl "180+1"]
[Date "2023.10.31"]
[WhiteClock "0:00:28"]
[BlackClock "0:00:14"]
[Board "3"]

1. e4 e5 2. Nf3 Nc6 3. Bc4 Nf6 4. d3 Bc5 5. c3 d6 6. Nbd2 a6 7. Bb3 Ba7 8. Nf1 Ng4 9. d4 Nf6 10. Ng3 Bg4 11. d5 Ne7 12. h3 Bxf3 13. Qxf3 O-O 14. Bg5 Nd7 15. h4 f6 16. Bd2 Nc5 17. Bc2 c6 18. h5 h6 19. O-O-O Kh8 20. Rh4 cxd5 21. exd5 f5 22. Rhh1 e4 23. Qe2 Nxd5 24. Kb1 Qf6 25. Bc1 Ne7 26. f3 d5 27. fxe4 dxe4 28. Rhf1 Qh4 29. Bf4 Bb8 30. Be3 Ne6 31. Nxe4 fxe4 32. Rxf8+ Nxf8 33. Rd8 Qf6 34. Bd4 Qf4 35. g3 Qf7 36. Qxe4 Qf1+ 37. Bd1 Qxd1# 0-1


[Site "https://www.chess.com"]

[Event "Titled Tuesday Blitz October 31 Late 2023"]
[White "Bok, Benjamin"]
[Black "Alexandre, Anne Shopie Elizabeth"]
[WhiteFideId "1017063"]
[BlackFideId "11902418"]
[WhiteElo "2978"]
[BlackElo "2868"]
[Result "0-1"]
[Round "11"]
[TimeControl "180+1"]
[Date "2023.10.31"]
[WhiteClock "0:00:18"]
[BlackClock "0:00:28"]
[Board "4"]

1. d4 Nf6 2. c4 e6 3. Nc3 Bb4 4. Qc2 c5 5. dxc5 O-O 6. a3 Bxc5 7. Nf3 d5 8. Bg5 dxc4 9. e3 Nbd7 10. Bxc4 a6 11. O-O h6 12. Bh4 b5 13. Bd3 Bb7 14. Rfd1 Qb6 15. Ne4 Be7 16. Nxf6+ Nxf6 17. Rac1 Rac8 18. Qe2 Rxc1 19. Rxc1 Rd8 20. Bb1 Nd5 21. Qc2 g6 22. Bg3 Rc8 23. Qd2 Rxc1+ 24. Qxc1 Nf6 25. h3 Bxf3 26. gxf3 Bd6 27. Bxd6 Qxd6 28. Kg2 b4 29. Ba2 bxa3 30. bxa3 Kg7 31. Qc3 g5 32. Bb1 Qb6 33. Bd3 a5 34. a4 Qd8 35. Bb5 Qb6 36. Qe5 Qd8 37. Qb2 Kg8 38. Qe5 Nd5 39. Bc4 Nf6 40. Be2 Kg7 41. f4 Qd5+ 42. Qxd5 Nxd5 43. fxg5 hxg5 44. Bb5 f5 45. Kg3 Kf6 46. Bc6 Nb4 47. Bb5 Nd5 48. Bc4 Nc3 49. Bb3 Ne4+ 50. Kg2 Nc5 51. Bc2 Nb7 52. Kf3 Nc5 53. Ke2 Ke5 54. Kd2 f4 55. Ke2 Ne4 56. Kf3 fxe3 57. fxe3 Nf6 58. Bd3 Kd6 59. Bc2 Kc5 60. Bb3 e5 61. Bd1 Kb4 62. Bc2 Kc3 63. Bd1 Kd2 64. Bb3 Kd3 65. Bd1 e4+ 66. Kf2 Nd5 67. Be2+ Kd2 68. Bb5 Nxe3 69. Bc6 Nd1+ 70. Kg3 e3 71. Bf3 Nf2 72. Kg2 e2 73. Bxe2 Kxe2 74. Kg3 Ke3 75. Kg2 Ne4 76. Kh2 Kf2 77. Kh1 Kg3 78. Kg1 Kxh3 79. Kf1 Nc5 80. Ke2 Nxa4 81. Ke3 g4 82. Ke4 g3 83. Kd5 Nc3+ 84. Kc6 a4 85. Kc5 a3 86. Kc6 g2 87. Kc5 g1=Q+ 88. Kc6 Qd4 89. Kb7 Qd6 90. Kc8 Nd1 91. Kb7 Kg4 92. Kc8 Kf5 93. Kb7 a2 94. Kc8 Ke4 95. Kb7 Kd5 96. Kc8 Qe7 97. Kb8 Kc6 98. Kc8 Qe8# 0-1


[Site "https://www.chess.com"]

[Event "Titled Tuesday Blitz October 31 Late 2023"]
[White "Eljanov, Pavel"]
[Black "Kovalev, Vladislav"]
[WhiteFideId "14102951"]
[BlackFideId "13504398"]
[WhiteElo "2860"]
[BlackElo "2924"]
[Result "0-1"]
[Round "11"]
[TimeControl "180+1"]
[Date "2023.10.31"]
[WhiteClock "0:00:14"]
[BlackClock "0:00:32"]
[Board "5"]

1. d4 Nf6 2. Bf4 e6 3. e3 d5 4. Nf3 c5 5. c3 Nc6 6. Nbd2 cxd4 7. exd4 Nh5 8. Be3 Bd6 9. Bd3 Nf4 10. Bxf4 Bxf4 11. O-O O-O 12. Re1 g6 13. a4 Bd7 14. b4 Rc8 15. Nb3 b6 16. g3 Bd6 17. a5 Re8 18. Qd2 Qc7 19. axb6 axb6 20. Rac1 Ra8 21. Ra1 Ne7 22. Kg2 Nf5 23. Rxa8 Rxa8 24. Ne5 Ba4 25. Nc1 Rc8 26. Bxf5 exf5 27. Re3 Bxb4 28. cxb4 Qxc1 29. Qa2 Bb5 30. Qxd5 Qf1+ 0-1


[Site "https://www.chess.com"]

[Event "Titled Tuesday Blitz October 31 Late 2023"]
[White "Szpar, Milosz"]
[Black "Aravindh, Chithambaram VR."]
[WhiteFideId "1184989"]
[BlackFideId "5072786"]
[WhiteElo "2802"]
[BlackElo "2920"]
[Result "1-0"]
[Round "11"]
[TimeControl "180+1"]
[Date "2023.10.31"]
[WhiteClock "0:00:04"]
[BlackClock "0:00:00"]
[Board "6"]

1. Nf3 Nf6 2. c4 c5 3. Nc3 Nc6 4. e3 e6 5. d4 d5 6. a3 a6 7. dxc5 Bxc5 8. b4 Ba7 9. Bb2 O-O 10. Be2 d4 11. exd4 Nxd4 12. O-O e5 13. c5 Re8 14. Nxd4 exd4 15. Na4 Bd7 16. Nb6 Bxb6 17. cxb6 Ba4 18. Qd2 Ne4 19. Qxd4 Qxd4 20. Bxd4 Nd2 21. Rfe1 Nb3 22. Rad1 Nxd4 23. Rxd4 Bb5 24. Kf1 Bc6 25. f3 Kf8 26. Kf2 Red8 27. Red1 Rxd4 28. Rxd4 Ke7 29. h4 Rc8 30. Rc4 Rd8 31. Ke3 Rd6 32. Bd3 g6 33. Rc5 Kd8 34. b5 axb5 35. Bxb5 Kd7 36. a4 Bxb5 37. Rxb5 Kc6 38. g4 Rd1 39. Rb4 Kc5 40. Rf4 Rd7 41. Rf6 Kb4 42. Kf4 h6 43. h5 gxh5 44. gxh5 Kxa4 45. Rxh6 Kb5 46. Rf6 Kc5 47. h6 Rd1 48. h7 Rh1 49. Rxf7 Kxb6 50. Kg5 Kc5 51. Rxb7 Kd6 52. Rf7 Ke5 53. f4+ Ke4 54. Re7+ Kd5 55. f5 Kd6 56. f6 Rg1+ 57. Kh6 1-0


[Site "https://www.chess.com"]

[Event "Titled Tuesday Blitz October 31 Late 2023"]
[White "Javakhadze, Zurab"]
[Black "Daneshvar, Bardiya"]
[WhiteFideId "13603647"]
[BlackFideId "12576468"]
[WhiteElo "2798"]
[BlackElo "2963"]
[Result "0-1"]
[Round "11"]
[TimeControl "180+1"]
[Date "2023.10.31"]
[WhiteClock "0:00:32"]
[BlackClock "0:02:03"]
[Board "7"]

1. Nf3 Nf6 2. g3 b6 3. Bg2 Bb7 4. O-O g6 5. c4 Bg7 6. d4 O-O 7. d5 Na6 8. Nc3 Nc5 9. Qc2 d6 10. Rd1 a5 11. e4 e5 12. h3 Bc8 13. b3 Kh8 14. a3 a4 15. b4 Nb3 16. Rb1 Nxc1 17. Rbxc1 Ng8 18. c5 bxc5 19. bxc5 f5 20. cxd6 cxd6 21. Nd2 f4 22. Nb5 fxg3 23. fxg3 Qb6+ 24. Kh2 Qxb5 25. Nc4 Qa6 26. Rb1 Bd7 27. Nb6 Rad8 28. Qc7 Bb5 29. Rd2 Rb8 30. Nd7 Rb7 31. Qxb7 Qxb7 32. Nxf8 Bxf8 33. Rdb2 Qa7 34. Rxb5 Qe3 35. Rb8 Be7 36. Ra8 Kg7 37. Rxa4 Nf6 38. Rb7 Nh5 39. Rxe7+ Kh6 40. Raa7 Qxg3+ 41. Kh1 Nf4 42. Rxh7+ Kg5 43. Bf1 Qf2 44. h4+ Kg4 0-1


[Site "https://www.chess.com"]

[Event "Titled Tuesday Blitz October 31 Late 2023"]
[White "Schnaider, Ilan"]
[Black "Bauman_Guy"]
[WhiteFideId "169013"]
[WhiteElo "2756"]
[BlackElo "2918"]
[Result "1-0"]
[Round "11"]
[TimeControl "180+1"]
[Date "2023.10.31"]
[WhiteClock "0:00:02"]
[BlackClock "0:00:00"]
[Board "8"]

1. e4 c5 2. Nf3 d6 3. Bb5+ Nd7 4. a4 a6 5. Bc4 g6 6. Nc3 Ngf6 7. a5 e6 8. O-O Bg7 9. d4 O-O 10. h3 Qc7 11. d5 e5 12. Be3 Nh5 13. Nh4 Nf4 14. Ne2 Nf6 15. Nxf4 exf4 16. Bxf4 Nxe4 17. Bd3 f5 18. c3 c4 19. Bc2 Bd7 20. Re1 Rae8 21. Nf3 h6 22. h4 Nf6 23. Qd2 Ng4 24. Nh2 Nxh2 25. Kxh2 Kh7 26. h5 g5 27. Be3 Kg8 28. Bb6 Qc8 29. Kg1 Bf6 30. g3 Kg7 31. Bd4 Qd8 32. Bb6 Qc8 33. Bd4 Be5 34. f4 gxf4 35. Qxf4 Bxd4+ 36. Qxd4+ Kh7 37. Kh2 Qd8 38. Qf4 Qg5 39. Qxg5 hxg5 40. g4 Kh6 41. Bxf5 Bxf5 42. gxf5 Kxh5 43. Re6 Kg4 44. Rae1 Rd8 45. f6 Kf5 46. Rf1+ Kg6 47. Kg3 Rf7 48. Kg4 Rdf8 49. Rxd6 Rxf6 50. Rfxf6+ Rxf6 51. Rd7 b6 52. axb6 Rxb6 53. Rc7 Rxb2 54. Rxc4 Rd2 55. Rc6+ Kf7 56. c4 Rg2+ 57. Kf5 g4 58. Rc7+ Ke8 59. Ra7 g3 60. Ke6 Re2+ 61. Kd6 Kf8 62. Rxa6 g2 63. Ra1 Rf2 64. Rg1 Ke8 65. c5 Rc2 66. c6 Rf2 67. Re1+ Kf7 68. c7 Rf1 69. c8=Q g1=Q 70. Rxf1+ Qxf1 71. Qe6+ Kg7 72. Qe5+ Kf7 73. Qe7+ Kg6 74. Kd7 Qb5+ 75. Ke6 Qe2+ 76. Kd6 Qb5 77. Qe6+ Kg7 78. Ke7 Qb4+ 79. d6 Qb7+ 80. Qd7 Qe4+ 81. Kd8+ Kf8 82. Qe7+ 1-0


[Site "https://www.chess.com"]

[Event "Titled Tuesday Blitz October 31 Late 2023"]
[White "Martinez Alcantara, Jose Eduardo"]
[Black "Pakleza, Zbigniew"]
[WhiteFideId "3805662"]
[BlackFideId "1119290"]
[WhiteElo "3104"]
[BlackElo "2838"]
[Result "1-0"]
[Round "11"]
[TimeControl "180+1"]
[Date "2023.10.31"]
[WhiteClock "0:00:44"]
[BlackClock "0:00:00"]
[Board "9"]

1. a4 d5 2. a5 Nf6 3. h3 c5 4. e3 Nc6 5. a6 b6 6. Nf3 e6 7. Bb5 Bd7 8. d4 Bd6 9. c4 O-O 10. cxd5 exd5 11. O-O Rc8 12. Nc3 Nb4 13. Bxd7 Qxd7 14. dxc5 bxc5 15. b3 Qc6 16. Bb2 Rfd8 17. Ne2 Ne4 18. Ne5 Bxe5 19. Bxe5 Nxa6 20. f3 Ng5 21. Ng3 Re8 22. f4 Ne4 23. Nf5 f6 24. Qg4 g6 25. Bb2 Rc7 26. Nh6+ Kg7 27. f5 Kxh6 28. fxg6 hxg6 29. Rxa6 Qxa6 30. Qf4+ g5 31. Qxc7 Kg6 32. h4 gxh4 33. Qf4 Kf7 34. Qf5 Qe6 35. Qh7+ Kf8 36. Rf4 Qf7 37. Qxh4 Ke7 38. b4 cxb4 39. Bd4 a5 40. Qg4 Rg8 41. Qe2 Qg6 42. g4 Rc8 43. Kg2 Ke8 44. Qb5+ Kf7 45. Qxd5+ 1-0


[Site "https://www.chess.com"]

[Event "Titled Tuesday Blitz October 31 Late 2023"]
[White "Elsa167"]
[Black "Brodsky, David"]
[BlackFideId "2073250"]
[WhiteElo "2957"]
[BlackElo "2823"]
[Result "1-0"]
[Round "11"]
[TimeControl "180+1"]
[Date "2023.10.31"]
[WhiteClock "0:00:27"]
[BlackClock "0:00:04"]
[Board "10"]

1. e4 e5 2. f4 d5 3. exd5 exf4 4. Nf3 Nf6 5. Bb5+ c6 6. dxc6 Nxc6 7. Nc3 Bd6 8. Qe2+ Be6 9. Nd4 O-O 10. Bxc6 bxc6 11. Nxe6 fxe6 12. b3 e5 13. Bb2 e4 14. O-O-O Re8 15. Rhe1 Qe7 16. Qc4+ Qe6 17. Nxe4 Qxc4 18. Nxf6+ gxf6 19. bxc4 Kf7 20. d3 Rab8 21. Rxe8 Rxe8 22. Kd2 Rg8 23. Rg1 f3 24. g3 Re8 25. Re1 Rb8 26. Bc3 Bc5 27. Rf1 f2 28. d4 Rd8 29. Ke3 Bb6 30. c5 Bc7 31. Rxf2 Rd5 32. Bd2 Kg6 33. c4 Rd8 34. Kd3 Be5 35. Be3 h5 36. Rb2 Rd7 37. Ke4 Bc7 38. Rb7 Re7+ 39. Kd3 Bd8 40. Rxe7 Bxe7 41. d5 Kf5 42. Kd4 Bd8 43. Bf4 h4 44. dxc6 1-0


[Site "https://www.chess.com"]

[Event "Titled Tuesday Blitz October 31 Late 2023"]
[White "Hong, Andrew"]
[Black "Troff, Kayden"]
[WhiteFideId "2099438"]
[BlackFideId "2047896"]
[WhiteElo "2949"]
[BlackElo "2789"]
[Result "1-0"]
[Round "11"]
[TimeControl "180+1"]
[Date "2023.10.31"]
[WhiteClock "0:00:09"]
[BlackClock "0:00:05"]
[Board "11"]

1. d4 Nf6 2. c4 g6 3. Nc3 d5 4. Nf3 Bg7 5. h4 h6 6. Bf4 c6 7. e3 Bf5 8. Ne5 Nbd7 9. Qb3 O-O 10. cxd5 Nxd5 11. Bc4 Nxe5 12. Bxe5 Bxe5 13. dxe5 Nb6 14. e6 Nxc4 15. exf7+ Rxf7 16. Qxc4 Bd3 17. Qb3 Ba6 18. Rd1 Qa5 19. f3 Rf8 20. Kf2 Kh7 21. Rd4 Qh5 22. Qd1 b6 23. Rd7 Bc8 24. Rd8 Rxd8 25. Qxd8 Bg4 26. Qe8 Qf5 27. Qxc6 Qc2+ 28. Kg3 Bh5 29. Qc4 Rf5 30. Qe2 Qxe2 31. Nxe2 Rc5 32. Kf2 g5 33. hxg5 Rxg5 34. Rc1 Bf7 35. Rc7 Ra5 36. Rxe7 Kg8 37. a3 Rb5 38. Rxa7 Rxb2 39. Ke1 Bc4 40. Nf4 Rb1+ 41. Kf2 Rb2+ 42. Kg3 Rb3 43. e4 b5 44. Nh5 Kf8 45. Kf4 Rb2 46. g3 Rb3 47. Nf6 Be2 48. Nd7+ Ke8 49. Ne5 Rc3 50. g4 Kf8 51. Ng6+ Ke8 52. Ne5 Kf8 53. Ra6 b4 54. Ra8+ Ke7 55. axb4 Rb3 56. Ra7+ Ke6 57. Rh7 Rxb4 58. Rxh6+ Ke7 59. Nc6+ Kf7 60. Nxb4 1-0


[Site "https://www.chess.com"]

[Event "Titled Tuesday Blitz October 31 Late 2023"]
[White "Koellner, Ruben Gideon"]
[Black "Chigaev, Maksim"]
[WhiteFideId "12993093"]
[BlackFideId "4108116"]
[WhiteElo "2741"]
[BlackElo "2934"]
[Result "1-0"]
[Round "11"]
[TimeControl "180+1"]
[Date "2023.10.31"]
[WhiteClock "0:00:17"]
[BlackClock "0:00:01"]
[Board "12"]

1. d4 Nf6 2. Nf3 d5 3. e3 c6 4. Nbd2 Bf5 5. Ne5 h5 6. Bd3 e6 7. Bxf5 exf5 8. c4 Nbd7 9. Nxd7 Qxd7 10. cxd5 Qxd5 11. O-O Bd6 12. Qb3 b6 13. Qxd5 cxd5 14. Nb1 Kd7 15. Nc3 Bb4 16. Ne2 Rhc8 17. a3 Bd6 18. Nc3 a5 19. Bd2 a4 20. Nb5 Ne4 21. Bc3 Kc6 22. Nxd6 Nxd6 23. Rac1 Kb5 24. f3 g6 25. Kf2 Rc6 26. Rce1 Re8 27. Re2 Nc4 28. Bb4 Rce6 29. Rfe1 g5 30. h3 h4 31. Bc3 f6 32. Bb4 Kc6 33. Bc3 f4 34. exf4 Rxe2+ 35. Rxe2 Rxe2+ 36. Kxe2 gxf4 37. Be1 Nxb2 38. Bxh4 b5 39. Be1 Nc4 40. Bb4 Kd7 41. Kf2 Ke6 42. Bc5 Kf5 43. Ke2 Kg5 44. Kf2 Kh5 45. Ke2 Ne3 46. Kf2 Nf5 47. Ke2 Kg5 48. Kf2 Kh6 49. Ke2 Kg6 50. Kf2 Ng7 51. Ke2 Ne6 52. Kd3 Kh5 53. Bb4 Kg5 54. Be1 Nd8 55. Kc3 Nc6 56. Bf2 Kh5 57. Be1 Kg6 58. Bf2 Kg5 59. Be1 f5 60. Bd2 Nd8 61. Kb4 Nc6+ 62. Kc5 Nxd4 63. Kxd4 1-0


[Site "https://www.chess.com"]